 Dungeon Crawl Stone Soup version 0.20-a0-772-g73021bd (webtiles) character file.

370049 presbutan the Slayer (level 21, -9/220 HPs)
             Began as a Minotaur Monk on Feb 26, 2017.
             Was the Champion of Cheibriados.
             Killed from afar by a deep elf sorcerer (30 damage)
             ... with damnation
             ... on level 3 of the Elven Halls on Feb 27, 2017.
             The game lasted 03:59:53 (44891 turns).

presbutan the Slayer (Minotaur Monk)               Turns: 44891, Time: 03:59:54

Health: -9/220     AC: 35    Str: 43    XL:     21   Next: 98%
Magic:  26/26      EV: 26    Int: 26    God:    Cheibriados [******]
Gold:   1849       SH:  0    Dex: 31    Spells: 4/20 levels left

rFire    + + .     SeeInvis +   a - +9 sword of Zonguldrok {reap}
rCold    + + +     Gourm    +   R - +9 gold dragon scales
rNeg     . . .     Faith    .   (no shield)
rPois    +         Spirit   .   (helmet unavailable)
rElec    +         Reflect  .   k - +0 cloak of Integrity {rElec rC+ Int+3}
rCorr    .         Harm     .   X - +2 pair of gloves {Str+3}
MR       +....                  A - +0 pair of boots of Analysis {Int+3 Slay+2}
Stlth    ..........             l - amulet of Muuteubu {Gourm SInv}
Regen    0.5/turn               C - +4 ring of strength
MPRegen  0.2/turn               J - ring "Eryub" {rF+ Slay+2}

@: very slightly contaminated, drained, very slow
A: retaliatory headbutt, horns 3, rugged brown scales 1, yellow scales 1, clumsy
1, cold resistance 1, deformed body, dopey 1, low mp 1, screaming 1
}: 1/15 runes: abyssal
a: Bend Time, Temporal Distortion, Slouch, Step From Time, Renounce Religion


You were on level 3 of the Elven Halls.
You worshipped Cheibriados.
Cheibriados was exalted by your worship.
You were completely stuffed.

You visited 6 branches of the dungeon, and saw 32 of its levels.
You visited the Abyss 2 times.
You also visited: Labyrinth, Trove, Volcano and Wizlab.

You collected 4633 gold pieces.
You spent 2784 gold pieces at shops.

Inventory:

Hand Weapons
 a - the +9 sword of Zonguldrok (weapon) {reap}
   (You found it in a wizard's laboratory)

   If a monster killed with it leaves a corpse in good enough shape, the corpse
   will be animated as a zombie friendly to the killer.
 b - the +4 arbalest of the Shoals {venom, +Blink rElec Str+5 Int-3}
   (You found it in a treasure trove)

   It poisons the ammo it fires.
   It affects your strength (+5).
   It affects your intelligence (-3).
   It insulates you from electricity.
   It lets you blink.
 d - the +2 triple sword of Sinkou Mioph {slice, rPois rF- MR+++ Stlth+}
   (You found it in a treasure trove)

   It inflicts extra damage upon your enemies.
   It makes you vulnerable to fire.
   It protects you from poison.
   It affects your resistance to hostile enchantments.
   It makes you more stealthy.
 v - a +2 triple sword of electrocution
Missiles
 p - 553 bolts
Armour
 k - the +0 cloak of Integrity (worn) {rElec rC+ Int+3}
   (You found it on level 3 of the Abyss)

   It affects your intelligence (+3).
   It protects you from cold.
   It insulates you from electricity.
 A - the +0 pair of boots of Analysis (worn) {Int+3 Slay+2}
   (You found it on level 4 of the Depths)

   It affects your intelligence (+3).
   It affects your accuracy and damage with ranged weapons and melee attacks
   (+2).
 R - +9 gold dragon scales (worn)
 X - a +2 pair of gloves of strength (worn)
Jewellery
 l - the amulet of Muuteubu (around neck) {Gourm SInv}
   (You took it off a spriggan defender on level 3 of the Depths)

   [amulet of the gourmand]

   It allows you to eat raw meat even when not hungry.
   It lets you see invisible.
 C - a +4 ring of strength (right hand)
 J - the ring "Eryub" (left hand) {rF+ Slay+2}
   (You took it off a spriggan defender on level 3 of the Depths)

   [ring of protection from fire]

   It affects your accuracy and damage with ranged weapons and melee attacks
   (+2).
   It protects you from fire.
 P - an uncursed ring of flight
Wands
 S - a wand of digging (12/24)
Scrolls
 i - a scroll of blinking
 j - a scroll of summoning
 m - 9 scrolls of recharging
 n - 13 scrolls of remove curse
 r - 8 scrolls of fear
 s - 4 scrolls of fog
 y - 8 scrolls of enchant weapon
 B - 2 scrolls of silence
 H - 6 scrolls of teleportation
 I - 4 scrolls of amnesia
 N - 12 scrolls of identify
 Y - 10 scrolls of magic mapping
 Z - 4 scrolls of immolation
Potions
 f - 2 potions of magic
 g - 8 potions of curing
 q - 6 potions of lignification
 w - 4 potions of might
 D - a potion of mutation
 F - 8 potions of flight
 G - a potion of resistance
 K - a potion of agility
 M - 2 potions of cancellation
 Q - a potion of ambrosia
 U - 4 potions of brilliance
Books
 h - a book of Transfigurations

   Spells                             Type                      Level
   a - Irradiate                      Conjuration/Transmutation    5
   b - Statue Form                    Transmutation/Earth          6
   c - Hydra Form                     Transmutation                6
   d - Dragon Form                    Transmutation                7
 u - a book of the Earth

   Spells                             Type                      Level
   a - Leda's Liquefaction            Hexes/Earth                  4
   b - Bolt of Magma                  Conjuration/Fire/Earth       5
   c - Statue Form                    Transmutation/Earth          6
   d - Iron Shot                      Conjuration/Earth            6
   e - Shatter                        Earth                        9
 V - a book of Enchantments

   Spells                             Type                      Level
   a - Cause Fear                     Hexes                        4
   b - Yara's Violent Unravelling     Hexes/Transmutation          5
   c - Silence                        Hexes/Air                    5
   d - Deflect Missiles               Charms/Air                   6
   e - Discord                        Hexes                        8
Miscellaneous
 L - a sack of spiders
Comestibles
 c - 24 bread rations
 o - 2 meat rations
 t - 5 fruits
 z - 3 royal jellies
 E - 4 chunks of flesh


   Skills:
 + Level 24.0(23.6) Fighting
 * Level 20.3(20.0) Long Blades
 * Level 11.8(11.5) Crossbows
 + Level 19.0(18.6) Armour
 + Level 17.8(17.5) Dodging
 - Level 1.5(1.3) Stealth
 + Level 2.4(2.1) Hexes
 - Level 8.2(7.9) Translocations
 - Level 12.0(11.7) Invocations


You had 4 spell levels left.
You knew the following spells:

 Your Spells              Type           Power        Failure   Level  Hunger
b - Portal Projectile     Hex/Tloc       ####..       28%         3    ####...
c - Summon Butterflies    Summ           #.......     75%         1    ##.....
d - Apportation           Tloc           #####.       3%          1    ##.....
e - Lesser Beckoning      Tloc           #####.....   12%         3    ####...
f - Invisibility          Hex            ##......     100%        6    #######
g - Blink                 Tloc           N/A          6%          2    ###....


Dungeon Overview and Level Annotations

Branches:
Dungeon (15/15)            Temple (1/1) D:4            Lair (6/6) D:9
  Swamp (0/4) Lair:2        Snake (0/4) Lair:3        Slime (0/5) Lair:5
    Orc (2/2) D:11            Elf (3/3) Orc:2        Vaults (0/5) D:14
 Depths (5/5) D:15            Zot (0/5) Depths:5

Altars:
Ashenzari
Cheibriados
Dithmenos
Elyvilon
Fedhas
Gozag
Hepliaklqana
Kikubaaqudgha
Makhleb
Nemelex Xobeh
Okawaru
Qazlal
Ru
Sif Muna
Trog
Uskayaw
Vehumet
Wu Jian
Xom
Yredelemnul
Zin
The Shining One

Shops:
D:10 ?   D:11 [(   D:15 %   Orc:1 [   Orc:2 *((*}

Portals:
Hell: Depths:1 Depths:2 Depths:3 Depths:4 Depths:5
Abyss: Depths:3 Depths:4
Pandemonium: Depths:3
Ziggurat: Depths:4

Annotations:
D:13 3 runed doors


Innate Abilities, Weirdness & Mutations

You reflexively headbutt those who attack you in melee.
You have a pair of large horns on your head.
You are partially covered in rugged brown scales. (AC +1, +3% HP)
You are partially covered in yellow scales. (AC +2)
You are clumsy. (Dex -2)
Your flesh is cold resistant. (rC+)
Armour fits poorly on your strangely shaped body.
You are dopey. (Int -2)
Your magical capacity is low. (-10% MP)
You occasionally shout uncontrollably at your foes.


Message History

Something bites your deep elf demonologist zombie.
The short sword of electrocution hits your deep elf demonologist zombie.
The short sword of electrocution barely misses your deep elf demonologist zombie.
Something closely misses your deep elf demonologist zombie.
Your deep elf demonologist zombie misses the short sword of electrocution.
Something hits your deep elf demonologist zombie!
The short sword of electrocution hits your deep elf demonologist zombie!
Something hits your deep elf demonologist zombie!
The short sword of electrocution hits your deep elf demonologist zombie.
Your deep elf demonologist zombie closely misses the short sword of electrocution.
The short sword of electrocution hits your deep elf demonologist zombie.
Something hits your deep elf demonologist zombie!
The short sword of electrocution hits your deep elf demonologist zombie but does no damage.
Lightning courses through your deep elf demonologist zombie!
Your deep elf demonologist zombie is destroyed!
The deep elf sorcerer seems less brilliant.
The deep elf sorcerer is empowered by something's aura!
The deep elf sorcerer casts a spell at you.
The sphere of damnation explodes!
The damnation engulfs you!
You die...

##ee.
.....#
##..e..
...e..
)e.....
......#
.......
...e...
..((...
#..(..##
#......
#### #.e..#
# ....#
#|):)###.e#
# ####
)).).).##|#
#
:.:.:.))@(#
#
#}$/.######
# ### # # #


You could see a deep elf sorcerer.

Vanquished Creatures
  An ancient lich (WizLab)
  Mennas (Depths:3)
  Boris (Depths:5)
  Margery (Depths:4)
  4 golden dragons
  the Enchantress (Depths:3)
  A pearl dragon (Depths:1)
  2 bone dragons
  3 tentacled monstrosities
  A deep elf blademaster (Elf:3)
  A titan (Depths:2)
  A lich (Abyss:3)
  A kraken (Abyss:3)
  2 Executioners (Abyss:3)
  The ghost of Aak the Devastator, an adept OpEE of Dithmenos (Elf:1)
  6 tentacled starspawn (Abyss:3)
  2 ancient champions (WizLab)
  Gastronok (Lair:1)
  A thorn hunter (Depths:3)
  2 storm dragons
  2 shadow dragons (Depths:5)
  A sphinx (Depths:2)
  5 tengu reavers
  Roxanne (Elf:2)
  Louise (D:14)
  5 balrugs
  4 deep elf sorcerers
  6 fire giants
  3 frost giants
  A cacodemon (Abyss:3)
  A draconian shifter (Abyss:3)
  A deep elf elementalist (Elf:3)
  A draconian stormcaller (Depths:5)
  An ophan (Depths:1)
  5 spriggan defenders
  A caustic shrike skeleton (Depths:3)
  A juggernaut skeleton (Depths:3)
  4 stone giants
  8 very ugly things
  A war gargoyle (D:13)
  A green draconian (Depths:5)
  An apis (Depths:1)
  A lorocyproca (Abyss:3)
  A black draconian (Depths:5)
  Nessos (Lair:6)
  2 vampire knights
  Azrael (D:12)
  3 deep elf annihilators (Elf:3)
  A purple draconian (Depths:5)
  2 deep elf demonologists (Elf:3)
  A white draconian (Depths:5)
  A yellow draconian (Depths:5)
  A red draconian (Depths:5)
  Snorg (D:13)
  7 spark wasps
  6 deep elf death magi
  11 ettins
  Josephine (Lair:6)
  A minotaur (Lab)
  3 yaktaur captains
  A green death (Abyss:3)
  7 fire dragons
  2 deep elf high priests
  Fannar (Lair:1)
  Erolcha (Orc:1)
  3 rakshasas (Depths:3)
  5 great orbs of eyes
  4 spriggan air magi
  7 hydras
  7 ice dragons
  A ghost crab (Abyss:3)
  7 centaur warriors
  28 dancing weapons
  8 ogre magi
  An alligator (shapeshifter) (Depths:3)
  40 two-headed ogres
  6 deep troll shamans
  2 death yaks (Lair:6)
  A hell hog (Volcano)
  Urug (D:14)
  A vampire mage (Depths:2)
  5 thrashing horrors (Abyss:3)
  13 deep troll earth magi
  3 orc high priests (Orc:2)
  4 tengu warriors
  A spriggan berserker (Depths:3)
  6 sun demons
  3 fire crabs
  17 deep elf knights
  A spatial maelstrom (Abyss:3)
  6 iron trolls
  2 wretched stars (Abyss:3)
  2 fire crabs (shapeshifter)
  3 sixfirhies (Abyss:3)
  8 skeletal warriors (WizLab)
  A golden dragon zombie (Abyss:3)
  16 hell knights
  25 deep trolls
  4 unseen horrors
  A swamp dragon (Lair:6)
  2 flayed ghosts (Depths:2)
  6 deep elf archers
  A shambling mangrove (Abyss:3)
  2 glowing orange brains
  A wolf spider zombie (D:15)
  An orange crystal statue (Depths:2)
  3 wizards
  5 orc knights
  50 deep elf magi
  3 necromancers
  A wolf spider (shapeshifter) (Elf:2)
  22 ugly things
  6 orc sorcerers
  A faun (shapeshifter) (Depths:2)
  4 cyclopes
  12 starcursed masses (Abyss:3)
  3 manticores
  A salamander (Depths:4)
  3 worldbinders (Abyss:3)
  5 oklob plants
  An elephant (shapeshifter) (Depths:1)
  A spriggan zombie (Depths:3)
  Joseph (D:8)
  2 apocalypse crabs (Abyss:3)
  Psyche (D:9)
  3 naga magi (D:15)
  2 black mambas
  16 elephants
  6 smoke demons
  The ghost of coolguy69 the Cleaver, a novice HOFi of the Shining One (D:4)
  13 spiny frogs
  3 centaur skeletons
  4 gargoyles
  A hellion (Abyss:3)
  A komodo dragon (shapeshifter) (Elf:2)
  13 yaktaurs
  7 rime drakes
  An anaconda simulacrum (Abyss:3)
  A rime drake (shapeshifter) (Elf:1)
  4 komodo dragons
  An ice devil (Abyss:3)
  An ancient zyme (Abyss:3)
  A freezing wraith (Abyss:3)
  A demonic crawler (Abyss:3)
  A hellwing (Abyss:3)
  A tengu conjurer (Depths:4)
  A queen bee (D:10)
  8 trolls
  2 hornets (Abyss:3)
  A wind drake (shapeshifter) (Depths:5)
  A blink frog (shapeshifter) (D:13)
  A hornet (shapeshifter) (Depths:3)
  16 polar bears
  19 blink frogs
  19 raiju
  A harpy skeleton (D:15)
  15 hippogriffs
  5 dream sheep
  18 slime creatures
  15 air elementals
  3 shadows
  3 ynoxinuls (Abyss:3)
  2 wyverns
  2 centaur simulacra
  4 vampires (WizLab)
  8 wraiths
  47 yaks
  10 water elementals
  A golden eye (Abyss:3)
  4 fire elementals
  3 fire bats (Volcano)
  Eustachio (D:4)
  26 large abominations
  3 hungry ghosts
  2 steam dragons
  6 chaos spawn
  16 humans (D:14)
  12 basilisks
  An elf skeleton (Depths:3)
  Grum (D:10)
  2 spatial vortices (Abyss:3)
  3 neqoxecs (Abyss:3)
  Edmund (D:5)
  8 wargs
  4 two-headed ogre zombies (WizLab)
  10 insubstantial wisps (Abyss:3)
  2 harpy simulacra
  A naga (Lair:3)
  12 water moccasins
  14 small abominations
  19 hell hounds
  2 acid dragons (D:15)
  9 porcupines
  21 black bears
  Duvessa (D:4)
  18 orc warriors
  3 necrophages
  4 sky beasts
  A swamp drake (Lair:6)
  A black bear (shapeshifter) (D:8)
  An ogre (shapeshifter) (Elf:2)
  7 ice beasts
  2 phantoms
  20 ogres
  22 centaurs
  24 crocodiles
  21 wolves
  32 bullfrogs
  5 big kobolds
  A gnoll sergeant (D:6)
  Dowan (D:4)
  2 earth elementals
  A hornet simulacrum (D:15)
  8 scorpions
  A water moccasin skeleton (D:7)
  9 troll zombies (WizLab)
  20 killer bees
  9 wights
  8 crimson imps
  18 electric eels
  4 centaur zombies
  7 howler monkeys
  3 lava snakes (Lair:3)
  10 hounds
  13 orc priests
  10 jellies
  2 quasits
  Crazy Yiuf (D:4)
  5 bullfrog skeletons
  4 bullfrog zombies
  20 orc wizards
  5 iguanas
  9 worker ants
  A killer bee zombie (D:10)
  6 ogre zombies (WizLab)
  A hound zombie (D:5)
  A hound skeleton (D:11)
  Robin (D:4)
  A howler monkey skeleton (D:8)
  6 gnolls
  14 adders
  A shadow imp (D:9)
  A white imp (Depths:1)
  5 oozes
  An adder zombie (D:5)
  3 adder skeletons
  2 worms
  A dart slug (D:1)
  10 leopard geckos
  70 orcs
  2 ball pythons
  7 bats
  6 giant cockroaches
  19 goblins
  8 hobgoblins
  16 jackals
  5 quokkas
  A ball python skeleton (D:4)
  A ball python zombie (D:5)
  2 frilled lizards
  A jackal zombie (D:6)
  24 kobolds
  2 leopard gecko skeletons (D:4)
  23 rats
  A briar patch (Depths:3)
  8 plants
  4 starspawn tentacles (Abyss:3)
  3 tentacles (Abyss:3)
1585 creatures vanquished.

Vanquished Creatures (collateral kills)
  A juggernaut (Depths:2)
  Jory (Depths:5)
  A bone dragon (Depths:5)
  A shadow dragon (Depths:5)
  A fire giant (Depths:2)
  A frost giant (Depths:5)
  A draconian scorcher (Depths:5)
  A draconian shifter (Depths:5)
  2 stone giants
  A spark wasp (Depths:5)
  A yaktaur captain (Depths:3)
  An ice dragon (Depths:4)
  A spriggan air mage (Depths:2)
  2 deep troll shamans (Depths:5)
  3 two-headed ogres
  A spriggan berserker (Depths:3)
  A large abomination (Depths:4)
  2 hell knights
  3 deep trolls
  A yaktaur (shapeshifter) (Depths:3)
  2 yaktaurs (Depths:2)
  A water elemental (Depths:5)
  2 air elementals (Depths:2)
  2 centaurs (Depths:3)
  A lurking horror (Abyss:3)
35 creatures vanquished.

Vanquished Creatures (others)
  A hell knight (Depths:4)
  A deep elf knight (Elf:2)
  A smoke demon (Depths:4)
  A centaur skeleton (D:15)
  An iguana (Lair:6)
  An orc (D:12)
  A butterfly (Lair:5)
  18 fungi
  38 plants
  9 starspawn tentacles (Abyss:3)
  A tentacle (Abyss:3)
73 creatures vanquished.

Grand Total: 1693 creatures vanquished

Notes
Turn   | Place    | Note
-------+----------+-------------------------------------------
     0 | D:1      | presbutan the Minotaur Monk began the quest for the Orb.
     0 | D:1      | Reached XP level 1. HP: 19/19 MP: 0/0
   297 | D:1      | Reached XP level 2. HP: 26/26 MP: 1/1
   835 | D:1      | Reached skill level 5 in Long Blades
   964 | D:1      | Reached XP level 3. HP: 31/31 MP: 2/2
  1251 | D:2      | Reached XP level 4. HP: 35/39 MP: 3/3
  2380 | D:3      | Reached XP level 5. HP: 45/45 MP: 4/4
  2907 | D:4      | Noticed Duvessa
  2908 | D:4      | Noticed Dowan
  2921 | D:4      | Killed Duvessa
  2921 | D:4      | Reached XP level 6. HP: 25/51 MP: 5/5
  2931 | D:4      | Killed Dowan
  3114 | D:4      | Found a staircase to the Ecumenical Temple.
  3123 | Temple   | Entered the Ecumenical Temple
  3286 | Temple   | Became a worshipper of Cheibriados the Contemplative
  3286 | Temple   | Reached * piety under Cheibriados
  3286 | Temple   | Reached ** piety under Cheibriados
  3308 | D:4      | Noticed Robin
  3330 | D:4      | Killed Robin
  3370 | D:4      | Noticed coolguy69's ghost (novice HOFi)
  3371 | D:4      | Noticed Eustachio
  3371 | D:4      | Reached skill level 1 in Invocations
  3371 | D:4      | Reached XP level 7. HP: 55/57 MP: 6/6
  3379 | D:4      | Killed coolguy69's ghost
  3379 | D:4      | Reached skill level 10 in Long Blades
  3395 | D:4      | Killed Eustachio
  3880 | D:4      | Reached XP level 8. HP: 64/64 MP: 9/9
  3950 | D:4      | Gained mutation: You have a beak for a mouth. [potion of mutation]
  3950 | D:4      | Gained mutation: Your body sometimes deteriorates upon taking damage. [potion of mutation]
  3950 | D:4      | Gained mutation: You have sharp toenails. [potion of mutation]
  4140 | D:4      | Found a runed door.
  4144 | D:4      | Noticed Crazy Yiuf
  4148 | D:4      | Killed Crazy Yiuf
  4212 | D:5      | Entered Level 5 of the Dungeon
  4227 | D:5      | Found a radiant altar of Vehumet.
  4228 | D:5      | Found a burning altar of Makhleb.
  4667 | D:5      | Reached *** piety under Cheibriados
  4686 | D:5      | Noticed Edmund
  4693 | D:5      | Killed Edmund
  4900 | D:6      | Reached skill level 5 in Invocations
  4929 | D:6      | Reached XP level 9. HP: 46/70 MP: 11/11
  5403 | D:6      | Reached **** piety under Cheibriados
  6422 | D:7      | Got a jewelled broad axe
  6423 | D:7      | Identified the cursed +2 broad axe "Vaumn" {chop, +Inv rElec MR+} (You found it on level 7 of the Dungeon)
  6511 | D:7      | Reached skill level 4 in Fighting
  6720 | D:7      | Reached ***** piety under Cheibriados
  6720 | D:7      | Reached skill level 1 in Armour
  7463 | D:7      | Reached skill level 5 in Fighting
  7487 | D:7      | Reached XP level 10. HP: 81/81 MP: 14/14
  7735 | D:8      | Reached skill level 6 in Fighting
  7856 | D:8      | Found a blossoming altar of Fedhas.
  7919 | D:8      | Noticed a two-headed ogre
  7928 | D:8      | Killed a two-headed ogre
  7928 | D:8      | Reached skill level 7 in Fighting
  7977 | D:8      | Noticed a two-headed ogre
  7980 | D:8      | Killed a two-headed ogre
  7980 | D:8      | Reached skill level 5 in Dodging
  8044 | D:8      | Reached skill level 8 in Fighting
  8088 | D:8      | Reached ****** piety under Cheibriados
  8235 | D:8      | Noticed Joseph
  8245 | D:8      | Killed Joseph
  8245 | D:8      | Reached skill level 5 in Armour
  8429 | D:9      | Reached XP level 11. HP: 95/95 MP: 16/16
  8441 | D:9      | Noticed a two-headed ogre
  8451 | D:9      | Killed a two-headed ogre
  8473 | D:9      | Reached skill level 9 in Fighting
  8683 | D:9      | Found a shimmering altar of Xom.
  8698 | D:9      | Found a staircase to the Lair.
  8744 | D:9      | Noticed Psyche
  8752 | D:9      | Killed Psyche
  8839 | D:9      | Found a hide-covered altar of Uskayaw.
  8873 | D:9      | Killed an unseen horror
  9172 | D:9      | Reached skill level 10 in Fighting
  9365 | D:9      | Noticed a two-headed ogre
  9370 | D:9      | Killed a two-headed ogre
  9497 | D:9      | Gained mutation: You do not regenerate when monsters are visible. [mutagenic meat]
  9498 | D:9      | Gained mutation: You are partially covered in rugged brown scales. (AC +1, +3% HP) [mutagenic meat]
  9500 | D:9      | Gained mutation: You are partially covered in molten scales. (AC +2) [mutagenic meat]
  9501 | D:9      | Gained mutation: You occasionally shout uncontrollably at your foes. [mutagenic meat]
  9502 | D:9      | Gained mutation: Armour fits poorly on your strangely shaped body. [mutagenic meat]
  9577 | Lair:1   | Entered Level 1 of the Lair of Beasts
  9584 | Lair:1   | Noticed Fannar
  9603 | Lair:1   | Killed Fannar
  9603 | Lair:1   | Reached skill level 11 in Fighting
  9704 | Lair:1   | Noticed Gastronok
  9724 | Lair:1   | Killed Gastronok
  9724 | Lair:1   | Reached XP level 12. HP: 67/113 MP: 17/17
 10184 | Lair:1   | Learned a level 1 spell: Beastly Appendage
 10444 | Lair:1   | Reached skill level 12 in Fighting
 10468 | Lair:1   | Got a faintly glowing morningstar
 10488 | Lair:1   | Identified the +9 morningstar of Tender Mercy {crush, Str+2} (You found it on level 1 of the Lair of Beasts)
 10730 | Lair:2   | Found a dark tunnel.
 10739 | Volcano  | Entered a volcano
 10760 | Volcano  | Noticed a hell hog
 10769 | Volcano  | Killed a hell hog
 11649 | Lair:2   | Reached skill level 13 in Fighting
 11655 | Lair:2   | Reached skill level 10 in Invocations
 11679 | Lair:2   | Found a staircase to the Swamp.
 12202 | Lair:3   | Found a staircase to the Snake Pit.
 12432 | Lair:3   | Reached XP level 13. HP: 101/125 MP: 19/19
 13502 | Lair:4   | Reached skill level 14 in Fighting
 13504 | Lair:4   | Reached skill level 10 in Armour
 14592 | Lair:5   | Found a staircase to the Slime Pits.
 15795 | Lair:5   | Reached skill level 15 in Fighting
 16135 | Lair:5   | Reached skill level 10 in Dodging
 16400 | Lair:5   | Got an ebony hand crossbow
 16403 | Lair:5   | Identified the Disquisition on Hurtful Weightlessness
 16409 | Lair:5   | Identified the Disquisition on Blistering Earth
 16501 | Lair:5   | Identified the +4 hand crossbow "Debbatao" {venom, SInv} (You found it on level 5 of the Lair of Beasts)
 16558 | Lair:5   | Found a shattered altar of Ashenzari.
 16711 | Lair:6   | Entered Level 6 of the Lair of Beasts
 16729 | Lair:6   | Noticed Nessos
 16754 | Lair:6   | Killed Nessos
 17155 | Lair:6   | Noticed Josephine
 17166 | Lair:6   | Reached XP level 14. HP: 97/139 MP: 21/21
 17172 | Lair:6   | Killed Josephine
 17174 | Lair:6   | Reached skill level 1 in Crossbows
 18225 | Lair:6   | Reached skill level 16 in Fighting
 18260 | Lair:6   | HP: 7/141 [spiny frog (6)]
 18821 | Lair:6   | Lost mutation: Armour fits poorly on your strangely shaped body. [potion of mutation]
 18821 | Lair:6   | Lost mutation: Your body sometimes deteriorates upon taking damage. [potion of mutation]
 18821 | Lair:6   | Lost mutation: You have sharp toenails. [potion of mutation]
 18821 | Lair:6   | Gained mutation: You passively map a small area around you. [potion of mutation]
 18821 | Lair:6   | Gained mutation: You have sharp toenails. [potion of mutation]
 18822 | Lair:6   | Lost mutation: You occasionally shout uncontrollably at your foes. [potion of mutation]
 18822 | Lair:6   | Lost mutation: You have sharp toenails. [potion of mutation]
 18822 | Lair:6   | Lost mutation: You do not regenerate when monsters are visible. [potion of mutation]
 18822 | Lair:6   | Lost mutation: You are partially covered in molten scales. (AC +2) [potion of mutation]
 18822 | Lair:6   | Gained mutation: You are partially covered in iridescent scales. (AC +2) [potion of mutation]
 18822 | Lair:6   | Gained mutation: You are dopey. (Int -2) [potion of mutation]
 18822 | Lair:6   | Gained mutation: You have supernaturally acute eyesight. (SInv) [potion of mutation]
 20207 | D:10     | Entered Level 10 of the Dungeon
 20256 | D:10     | Noticed Grum
 20262 | D:10     | Killed Grum
 20391 | D:10     | Found Epoofuev's Magic Scroll Boutique.
 20471 | D:10     | Lost mutation: You are dopey. (Int -2) [potion of mutation]
 20471 | D:10     | Lost mutation: You passively map a small area around you. [potion of mutation]
 20471 | D:10     | Lost mutation: You are partially covered in iridescent scales. (AC +2) [potion of mutation]
 20471 | D:10     | Gained mutation: Armour fits poorly on your strangely shaped body. [potion of mutation]
 20471 | D:10     | Gained mutation: You evolve. [potion of mutation]
 20471 | D:10     | Gained mutation: You are clumsy. (Dex -2) [potion of mutation]
 20471 | D:10     | Gained mutation: You rapidly evolve. [potion of mutation]
 20958 | D:10     | Bought a scroll of enchant weapon for 97 gold pieces
 20958 | D:10     | Bought a scroll of teleportation for 39 gold pieces
 20958 | D:10     | Bought a scroll of enchant armour for 97 gold pieces
 20958 | D:10     | Bought a scroll of fear for 45 gold pieces
 21017 | D:11     | Found a labyrinth entrance.
 21026 | Lab      | Entered a labyrinth
 21736 | D:11     | Found Norphuem's Weapon Emporium.
 21737 | D:11     | Found a staircase to the Orcish Mines.
 21737 | D:11     | Found Vaebbax's Armour Emporium.
 21831 | D:11     | Reached skill level 17 in Fighting
 21852 | D:11     | Reached skill level 5 in Crossbows
 21986 | D:11     | Reached XP level 15. HP: 141/151 MP: 23/23
 22256 | Orc:1    | Entered Level 1 of the Orcish Mines
 22418 | Orc:1    | Noticed Erolcha
 22423 | Orc:1    | Killed Erolcha
 22701 | Orc:2    | Entered Level 2 of the Orcish Mines
 22776 | Orc:2    | Found a staircase to the Elven Halls.
 22809 | Orc:1    | Found Fotauc's Antique Armour Boutique.
 23100 | Orc:2    | Found Bayn's Gadget Shoppe.
 23132 | Orc:2    | Found Domil's General Store.
 23282 | Orc:2    | HP: 4/151 [orc knight/enchanted great sword (14)]
 23639 | Orc:2    | Found Cotai's Weapon Shop.
 23646 | Orc:2    | Found Keyxi's General Store.
 23648 | Orc:2    | Found Paqav's Antique Weapon Emporium.
 23892 | Orc:1    | Bought a pair of runed gloves for 180 gold pieces
 23892 | Orc:1    | Bought a glowing cloak for 180 gold pieces
 23892 | Orc:1    | Bought a pair of boots for 108 gold pieces
 23922 | Orc:1    | Bought an ichor-stained scale mail for 216 gold pieces
 23932 | Orc:1    | Identified the cursed +1 scale mail of Casuivus {rF++ Str+7 Stlth+} (You bought it in a shop on level 1 of the Orcish Mines)
 23945 | Orc:1    | Bought glowing ice dragon scales for 1512 gold pieces
 24036 | Orc:2    | Bought a potion of heal wounds for 70 gold pieces
 24046 | Orc:2    | Bought a scroll of enchant armour for 120 gold pieces
 24046 | Orc:2    | Bought a scroll of enchant weapon for 120 gold pieces
 24393 | D:12     | Noticed Azrael
 24398 | D:12     | Killed Azrael
 24815 | D:12     | Found a portal to a secret trove of treasure.
 25204 | D:13     | Noticed Snorg
 25213 | D:13     | Killed Snorg
 25492 | D:13     | Found a runed gate.
 25492 | D:13     | Found a runed gate.
 25492 | D:13     | Found a runed gate.
 25498 | D:13     | Noticed a tengu reaver
 25517 | D:13     | Noticed a storm dragon
 25986 | D:13     | Found a runed gate.
 25986 | D:13     | Found a runed gate.
 25986 | D:13     | Found a runed gate.
 26164 | D:13     | Killed a tengu reaver
 26177 | D:13     | Killed a storm dragon
 26183 | D:13     | Gained mutation: Your magical capacity is low. (-10% MP) [mutagenic meat]
 26185 | D:13     | Lost mutation: You have supernaturally acute eyesight. (SInv) [mutagenic meat]
 26403 | D:14     | Found a gate to the Vaults.
 26403 | D:14     | Noticed Urug
 26409 | D:14     | Killed Urug
 26409 | D:14     | Reached skill level 18 in Fighting
 26409 | D:14     | Reached XP level 16. HP: 148/161 MP: 11/21
 26597 | D:14     | Found a snail-covered altar of Cheibriados.
 26650 | D:14     | Noticed Louise
 26663 | D:14     | Killed Louise
 26695 | D:14     | Learned a level 3 spell: Portal Projectile
 26909 | D:15     | Entered Level 15 of the Dungeon
 27124 | D:15     | Found Tabreniyg's Food Emporium.
 27151 | D:15     | Found a staircase to the Depths.
 27487 | D:15     | Lost mutation: Armour fits poorly on your strangely shaped body. [potion of mutation]
 27487 | D:15     | Lost mutation: You are clumsy. (Dex -2) [potion of mutation]
 27487 | D:15     | Lost mutation: Your magical capacity is low. (-10% MP) [potion of mutation]
 27487 | D:15     | Lost mutation: You rapidly evolve. [potion of mutation]
 27487 | D:15     | Lost mutation: You have a beak for a mouth. [potion of mutation]
 27487 | D:15     | Lost mutation: You evolve. [potion of mutation]
 27487 | D:15     | Gained mutation: Your flesh is cold resistant. (rC+) [potion of mutation]
 27487 | D:15     | Gained mutation: You have a pair of large horns on your head. [potion of mutation]
 27487 | D:15     | Gained mutation: You are partially covered in yellow scales. (AC +2) [potion of mutation]
 28121 | D:15     | Reached skill level 19 in Fighting
 28234 | Depths:1 | Entered Level 1 of the Depths
 28237 | Depths:1 | Reached skill level 15 in Long Blades
 28557 | Depths:1 | Found a magical portal.
 28562 | WizLab   | Entered Zonguldrok's Shrine
 28639 | WizLab   | Reached skill level 10 in Crossbows
 28778 | WizLab   | Noticed an ancient champion
 28783 | WizLab   | Killed an ancient champion
 28872 | WizLab   | Noticed an ancient champion
 28893 | WizLab   | Killed an ancient champion
 28907 | WizLab   | Noticed an antique lich
 28916 | WizLab   | Paralysed by an antique lich for 2 turns
 28921 | WizLab   | Killed an antique lich
 28921 | WizLab   | Reached skill level 20 in Fighting
 28931 | WizLab   | Learned a level 1 spell: Summon Butterflies
 28933 | WizLab   | Learned a level 1 spell: Apportation
 28937 | WizLab   | Learned a level 3 spell: Lesser Beckoning
 28944 | WizLab   | Learned a level 6 spell: Invisibility
 29101 | Depths:1 | Found a glowing golden altar of the Shining One.
 29146 | Depths:1 | Reached XP level 17. HP: 125/176 MP: 25/25
 29580 | Depths:1 | Reached skill level 21 in Fighting
 29726 | Depths:1 | Paralysed by a great orb of eyes for 5 turns
 29792 | Depths:1 | Found a gateway to Hell.
 30314 | Depths:1 | Noticed a pearl dragon
 30324 | Depths:1 | Killed a pearl dragon
 30586 | Depths:1 | Found a glowing golden altar of the Shining One.
 30586 | Depths:1 | Found a glowing silver altar of Zin.
 30608 | Depths:1 | Found a white marble altar of Elyvilon.
 30863 | Depths:2 | Got a scorched tin ring
 30865 | Depths:2 | Identified the ring "Adwit" {rPois rF++} (You found it on level 2 of the Depths)
 31078 | Depths:2 | Got an ominously black robe
 31089 | Depths:2 | Identified the +1 robe of Dice, Bag, and Bottle {rC- rCorr MP+9 Int+3} (You found it on level 2 of the Depths)
 31439 | Depths:2 | Reached skill level 1 in Translocations
 31466 | Depths:2 | Reached skill level 15 in Armour
 31494 | Depths:2 | Noticed a golden dragon
 31506 | Depths:2 | Killed a golden dragon
 31929 | Depths:2 | Noticed a golden dragon
 31942 | Depths:2 | Killed a golden dragon
 31981 | Depths:2 | Noticed a juggernaut
 31989 | Depths:2 | Killed a juggernaut
 31989 | Depths:2 | Reached XP level 18. HP: 146/189 MP: 26/26
 32084 | Depths:2 | Learned a level 2 spell: Blink
 32131 | Depths:2 | Identified the Tome of Icy Confrontation
 32703 | Depths:3 | Found a shattered altar of Ashenzari.
 32780 | Depths:3 | Found a one-way gate to the infinite horrors of the Abyss.
 32788 | Depths:3 | Noticed Mennas
 32844 | Depths:3 | HP: 8/189 [Mennas/trishula of holy wrath (3)]
 32849 | Depths:3 | Killed Mennas
 32849 | Depths:3 | Reached skill level 22 in Fighting
 32971 | Depths:3 | Reached skill level 15 in Dodging
 33321 | Depths:3 | Got a vibrating ivory ring
 33324 | Depths:3 | Got a faintly glowing mace {flame}
 33325 | Depths:3 | Identified the +4 mace of Fate {flame, MR+ Str-5 Int+4} (You took it off a spriggan defender on level 3 of the Depths)
 33388 | Depths:3 | Noticed the Enchantress
 33410 | Depths:3 | Killed the Enchantress
 33413 | Depths:3 | Found a radiant altar of Vehumet.
 33442 | Depths:3 | Got faerie dragon scales
 33464 | Depths:3 | Identified the +7 faerie dragon scales {Regen+ rCorr Int+5 Dex-4 SInv} (You took it off the Enchantress on level 3 of the Depths)
 33537 | Depths:3 | Identified a +0 pair of boots of running (You found it on level 3 of the Depths)
 33646 | Depths:3 | Got a transparent bone amulet
 33647 | Depths:3 | Identified the amulet of Muuteubu {Gourm SInv} (You took it off a spriggan defender on level 3 of the Depths)
 33649 | Depths:3 | Identified the ring "Eryub" {rF+ Slay+2} (You took it off a spriggan defender on level 3 of the Depths)
 33999 | Depths:3 | Found a one-way gate leading to the halls of Pandemonium.
 34783 | Depths:3 | Paralysed by a vampire knight for 3 turns
 35857 | Depths:4 | Reached XP level 19. HP: 198/198 MP: 27/27
 35887 | Depths:4 | Noticed a golden dragon
 35934 | Depths:4 | Reached skill level 5 in Translocations
 36208 | Depths:4 | Noticed Margery
 36216 | Depths:4 | Killed Margery
 36217 | Depths:4 | Cast into level 3 of the Abyss (hell knight)
 36230 | Abyss:3  | Found a corrupted altar of Lugonu.
 36231 | Abyss:3  | Got a faintly glowing cloak
 36242 | Abyss:3  | Identified the +0 cloak of Integrity {rElec rC+ Int+3} (You found it on level 3 of the Abyss)
 36350 | Abyss:3  | Found a deep blue altar of Sif Muna.
 36437 | Abyss:3  | Found a deep blue altar of Sif Muna.
 36692 | Abyss:3  | Paralysed by a chaos spawn for 3 turns
 36762 | Abyss:3  | Gained mutation: Armour fits poorly on your strangely shaped body. [a neqoxec]
 36764 | Abyss:3  | Gained mutation: You are clumsy. (Dex -2) [a neqoxec]
 36764 | Abyss:3  | Gained mutation: Your magical capacity is low. (-10% MP) [a neqoxec]
 36783 | Abyss:3  | Noticed a bone dragon
 36790 | Abyss:3  | Killed a bone dragon
 36896 | Abyss:3  | Paralysed by accursed screaming for 1 turns
 36948 | Abyss:3  | Paralysed by a great orb of eyes for 4 turns
 36956 | Abyss:3  | Gained mutation: You occasionally shout uncontrollably at your foes. [a cacodemon]
 37001 | Abyss:3  | Noticed a Brimstone Fiend
 37023 | Abyss:3  | Gained mutation: You are dopey. (Int -2) [a shining eye]
 37427 | Abyss:3  | Got an abyssal rune of Zot
 37466 | Abyss:3  | Reached skill level 23 in Fighting
 37477 | Abyss:3  | Reached XP level 20. HP: 175/209 MP: 25/25
 37496 | Abyss:3  | Paralysed by accursed screaming for 2 turns
 37501 | Abyss:3  | Paralysed by accursed screaming for 1 turns
 37624 | Abyss:3  | Found a basalt altar of Yredelemnul.
 37624 | Abyss:3  | Found a corrupted altar of Lugonu.
 37633 | Depths:4 | Escaped the Abyss
 37906 | D:13     | Paralysed by a wizard for 2 turns
 38011 | D:12     | You paid a toll of a +5 demon blade to enter a treasure trove
 38012 | Trove    | Entered a treasure trove
 38023 | Trove    | Got a jewelled triple sword
 38036 | Trove    | Got a bone arbalest
 38068 | Trove    | Got a jewelled rapier
 38151 | D:12     | Identified the +2 triple sword of Sinkou Mioph {slice, rPois rF- MR+++ Stlth+} (You found it in a treasure trove)
 38156 | D:12     | Identified the +4 arbalest of the Shoals {venom, +Blink rElec Str+5 Int-3} (You found it in a treasure trove)
 38157 | D:12     | Identified the +2 rapier of Eternal Night {holy, rN+ MP+9 Dex+4} (You found it in a treasure trove)
 38686 | Depths:4 | Killed a golden dragon
 38758 | Depths:4 | Found a gateway to a ziggurat.
 39062 | Depths:5 | Entered Level 5 of the Depths
 39103 | Depths:5 | Noticed a golden dragon
 39109 | Depths:5 | Killed a golden dragon
 39609 | Depths:5 | Found a gate to the Realm of Zot.
 39609 | Depths:5 | Noticed a bone dragon
 39609 | Depths:5 | Noticed a bone dragon
 39619 | Depths:5 | Killed a bone dragon
 39632 | Depths:5 | Killed a bone dragon
 40165 | Depths:5 | Noticed Jory
 40187 | Depths:5 | Killed Jory
 40841 | Depths:5 | Noticed Boris
 40852 | Depths:5 | Killed Boris
 40932 | Depths:5 | Reached XP level 21. HP: 218/218 MP: 26/26
 41488 | Depths:4 | Got a pair of ancient boots
 41499 | Depths:4 | Identified the +0 pair of boots of Analysis {Int+3 Slay+2} (You found it on level 4 of the Depths)
 41643 | D:15     | Upgraded the game from 0.20-a0-760-g49f5558 to 0.20-a0-772-g73021bd
 41939 | Elf:1    | Entered Level 1 of the Elven Halls
 42803 | Elf:1    | Noticed Aak's ghost (adept OpEE)
 42813 | Elf:1    | Killed Aak's ghost
 42813 | Elf:1    | Reached skill level 1 in Hexes
 43192 | Elf:2    | Noticed Roxanne
 43199 | Elf:2    | Killed Roxanne
 43571 | Elf:2    | Found a huge runed gate.
 43571 | Elf:2    | Found a huge runed gate.
 43571 | Elf:2    | Found a huge runed gate.
 43571 | Elf:2    | Found a huge runed gate.
 43576 | Elf:2    | Found a huge runed gate.
 44394 | Elf:3    | Entered Level 3 of the Elven Halls
 44405 | Elf:3    | Got a transparent short sword
 44406 | Elf:3    | Identified the +2 short sword "Reamenus" {venom, rElec rF+ MR+} (You found it on level 3 of the Elven Halls)
 44423 | Elf:3    | Found an ancient bone altar of Kikubaaqudgha.
 44718 | Elf:3    | Cast into level 3 of the Abyss (a deep elf sorcerer)
 44730 | Elf:3    | Escaped the Abyss
 44735 | Elf:3    | Reached skill level 24 in Fighting
 44789 | Elf:3    | HP: 10/220 [smoke demon/divine providence[a deep elf high priest] (11)]
 44891 | Elf:3    | Killed from afar by a deep elf sorcerer

Vault maps used:
D:1:      tarquinn_simple_flora_water_e
D:2:      first_bread, minmay_stone_trees_small, minmay_rat_hole
D:4:      minmay_temple_entry_overgrown, uniq_duvessa, uniq_crazy_yiuf_cottage,
          uniq_eustachio, uniq_robin
D:5:      grunt_temple_overflow_lords_of_destruction, minmay_statues_item,
          uniq_edmund
D:7:      cheibrodos_two_vegetables, serial_bayou_pond_b
D:8:      wad_arrow_thing, blue_anna_alchemist, fedhas_altar_3, uniq_joseph,
          uniq_grum
D:9:      lair_entry_dummy, grunt_decor_one_mirror, hangedman_feature_mirror,
          uniq_psyche
D:10:     serial_shops, nicolae_shop_competitors_out_of_business,
          nicolae_looking_at_the_future
D:11:     orc_david_3, lab_entry_generic
D:12:     nicolae_trove_entry_free_sample, uniq_azrael
D:13:     kennysheep_treasure_stockpile, nicolae_two_hexagons, uniq_snorg
D:14:     david_vaults_3, cheibriados_altar_1, uniq_louise
D:15:     grunt_enter_depths_magical_seal, serial_shops,
          nicolae_shop_behind_doors, laboratory
Temple:   regret_index_temple_chain_breaker
Lair:1:   beast_lair_carwin_large_4, minmay_lair_oklob_items, minmay_holes,
          grunt_megastairs_5, uniq_fannar, uniq_gastronok
Lair:2:   minmay_swamp_entry_eels, nicolae_volcano_entry_hallway,
          infiniplex_staircase_pool
Lair:3:   guppyfry_snake_entry_island, disabler_island, lemuel_fruit_fields
Lair:4:   serial_bayou, serial_bayou_lagoon_b, serial_bayou_lagoon_a,
          serial_bayou_lake_a, infiniplex_staircase_pool_2
Lair:5:   nicolae_slime_entry_slimehenge, basic_altar,
          kennysheep_basilisk_garden, lemuel_fruit_fields, serial_bayou_shore_a,
          minmay_lair_oklob_chamber
Lair:6:   guppyfry_lair_end_dragon, hangedman_lair_caniforms_friends,
          grunt_megastairs_3, uniq_nessos, uniq_josephine
Orc:1:    serial_shops, shop, rock_pile, uniq_erolcha
Orc:2:    st_orc_elflike, serial_shops, shop
Elf:1:    elf_arrival_001, kennysheep_underground_church, lemuel_flamethrower_3
Elf:2:    uniq_roxanne
Elf:3:    minmay_elf_hall_spiked, lemuel_statue_altar
Depths:1: mu_enter_wizlab_1, hangedman_coc_ice_floe, lemuel_round_altar,
          minmay_misc_feat_pillars, hallowed_hall
Depths:2: minmay_broken_ring, hell_entry, minivault_11, minmay_protected_statue
Depths:3: grunt_forest_end_shrine, abyss_entry, lightli_too_deep,
          serial_bayou_pond_e, pan_entry, evilmike_ruin_ashenzari,
          infiniplex_staircase_spiral, uniq_mennas
Depths:4: cheibrodos_quadrivalence, enter_ziggurat_a, hell_entry,
          nicolae_benzene_ring, minmay_room_of_horrors,
          hangedman_abyss_or_decor_passed, uniq_margery
Depths:5: grunt_zot_entry_funnels, hell_entry, serial_sigils,
          serial_sigils_hangedman_shear, serial_sigils_hangedman_carve,
          serial_sigils_hangedman_scratch, serial_sigils_hangedman_quiver,
          hex_tiny, uniq_jory, uniq_boris
Abyss:3:  evilmike_abyss_exit_12, hangedman_abyss_rune_flesh_and_stone,
          evilmike_abyss_exit_1, evilmike_abyss_exit_16
Lab:      labyrinth_skeletal_remains, nicolae_lab_blocks, labyrinth_glass_1
Trove:    trove_weapons_four_rooms
Volcano:  volcano_pools
WizLab:   wizlab_zonguldrok

Skill      XL: |  1  2  3  4  5  6  7  8  9 10 11 12 13 14 15 16 17 18 19 20 21 |
---------------+----------------------------------------------------------------+-----
Long Blades    | 4 5 6 8 9 10 12 14 15 16 17 18 19 20 | 20.3
Invocations    | 1 3 5 6 8 9 10 11 12 | 12.0
Fighting       | 5 8 11 13 15 17 18 20 21 22 23 24 | 24.0
Armour         | 2 5 7 9 10 11 13 14 15 16 17 18 19 | 19.0
Dodging        | 5 7 9 10 11 12 13 14 15 16 17 | 17.8
Crossbows      | 5 9 10 11 | 11.8
Translocations | 2 4 6 8 |  8.2
Hexes          | 2 |  2.4
Stealth        | |  1.5

Action                   |  1- 3 |  4- 6 |  7- 9 | 10-12 | 13-15 | 16-18 | 19-21 || total
-------------------------+-------+-------+-------+-------+-------+-------+-------++-------
Melee: Falchion          |    29 |    83 |   185 |   337 |   324 |       |       ||   958
       Headbutt          |    20 |    21 |    71 |   159 |   367 |   241 |   332 ||  1211
       Dagger            |    67 |    70 |       |       |       |       |       ||   137
       Kick              |       |       |    72 |   221 |   226 |       |       ||   519
       Peck              |       |       |    47 |   136 |   319 |    22 |       ||   524
       Broad axe         |       |       |    20 |     6 |       |       |       ||    26
       Morningstar       |       |       |       |       |     3 |       |       ||     3
       Long sword        |       |       |       |       |   254 |       |       ||   254
       Scimitar          |       |       |       |       |   101 |   200 |       ||   301
       Great sword       |       |       |       |       |    28 |       |       ||    28
       Double sword      |       |       |       |       |       |   346 |   723 ||  1069
 Fire: Shortbow          |       |       |     7 |    66 |    92 |       |       ||   165
       Hand crossbow     |       |       |       |       |   166 |   263 |    36 ||   465
       Longbow           |       |       |       |       |    20 |       |       ||    20
       Arbalest          |       |       |       |       |       |       |   133 ||   133
Invok: Slouch            |       |       |       |     1 |    11 |     5 |     4 ||    21
       Bend Time         |       |       |       |       |     1 |     1 |     1 ||     3
       Step From Time    |       |       |       |       |     1 |       |     1 ||     2
 Abil: Evoke Flight      |       |       |       |       |     2 |       |       ||     2
  Use: Scroll            |       |     9 |     5 |     9 |     9 |    17 |     9 ||    58
       Potion            |       |       |     6 |       |    11 |     7 |     6 ||    30
 Stab: Sleeping          |     1 |       |     1 |     1 |     4 |     6 |       ||    13
       Distracted        |       |       |     1 |     1 |     1 |     8 |     9 ||    20
       Invisible         |       |       |       |       |       |       |     1 ||     1
       Paralysed         |       |       |       |       |       |       |     1 ||     1
  Eat: Chunk             |     1 |     7 |     6 |    15 |    29 |    20 |    20 ||    98
       Meat ration       |       |       |       |     1 |       |       |       ||     1
       Royal jelly       |       |       |       |       |     1 |     1 |       ||     2
       Fruit             |       |       |       |       |     1 |       |       ||     1
Armor: Robe              |    21 |       |       |       |       |       |       ||    21
       Scale mail        |       |    50 |    59 |    26 |    31 |   108 |       ||   274
       Chain mail        |       |       |       |   114 |   290 |       |       ||   404
       Leather armour    |       |       |       |     1 |       |       |       ||     1
       Ice dragon scales |       |       |       |       |     9 |       |       ||     9
       Gold dragon scale |       |       |       |       |       |   189 |   447 ||   636
Dodge: Dodged            |    50 |    72 |   141 |   283 |   963 |   692 |   957 ||  3158
Block: Buckler           |       |       |       |       |       |    86 |   120 ||   206
       Rpst.: Falchion   |     4 |    10 |    22 |    54 |    75 |       |       ||   165
       Long sword        |       |       |       |       |    54 |       |       ||    54
       Scimitar          |       |       |       |       |    26 |    35 |       ||    61
       Great sword       |       |       |       |       |    14 |       |       ||    14
       Double sword      |       |       |       |       |       |    49 |   155 ||   204
